[Event "Early Titled Tuesday Blitz | February 8 2022"]
[White "Toncheva, Nadya"]
[Black "Kepeshchuk, Mykhaylo"]
[WhiteFideId "2924056"]
[BlackFideId "14113139"]
[WhiteElo "1920"]
[BlackElo "2279"]
[Result "1-0"]
[Round "06"]
[TimeControl "180+1"]
[Date "2022.02.08"]
[WhiteClock "0:00:13"]
[BlackClock "0:00:02"]

1. e4 c5 2. c3 d6 3. d4 cxd4 4. cxd4 Nf6 5. Nc3 g6 6. Nf3 Bg7 7. Bd3 O-O 8. h3 Nc6 9. O-O a6 10. Be3 b5 11. Rc1 Bb7 12. Qe2 Rc8 13. Rfd1 Qa5 14. a3 b4 15. axb4 Nxb4 16. Bb1 Rfd8 17. Nd2 Nd7 18. Nb3 Qh5 19. Qxh5 gxh5 20. Na5 Ba8 21. d5 Nc5 22. f3 Be5 23. Kf2 Bg7 24. Ke2 Kf8 25. Bd4 Bxd4 26. Rxd4 Rb8 27. Rg1 h4 28. Rd2 Rdc8 29. Na2 Nxa2 30. Bxa2 Rb5 31. Nc4 Nb3 32. Bxb3 Rxb3 33. Rc1 Bb7 34. Kd1 Rb4 35. Na5 Rxc1+ 36. Kxc1 Rb5 37. Nxb7 Rxb7 38. Rc2 a5 39. Rc8+ Kg7 40. Kc2 1-0


[Site "https://www.chess.com"]

[Event "Early Titled Tuesday Blitz | February 8 2022"]
[White "Tregubov, Pavel V."]
[Black "Aggelis, Nikolaos"]
[WhiteFideId "4115341"]
[BlackFideId "4213220"]
[WhiteElo "2341"]
[BlackElo "2154"]
[Result "0-1"]
[Round "06"]
[TimeControl "180+1"]
[Date "2022.02.08"]
[WhiteClock "0:01:14"]
[BlackClock "0:01:04"]

1. e4 c5 2. Nf3 e6 3. c3 d5 4. exd5 exd5 5. d4 c4 6. b3 cxb3 7. axb3 Nf6 8. Bd3 Be7 9. O-O O-O 10. Re1 h6 11. Bf4 Nc6 12. h3 Be6 13. Ne5 Nxe5 14. Bxe5 a6 15. c4 Nd7 16. Bg3 Bf6 17. Bf1 dxc4 18. bxc4 Nb6 19. c5 Qxd4 20. Qxd4 Bxd4 21. Ra5 Nd7 22. Rd1 Bxc5 23. Rxd7 Bb6 24. Rad5 Bxd5 25. Rxd5 Rfd8 26. Nc3 Bd4 27. Bc7 Rxd5 28. Nxd5 b5 29. Be2 Re8 30. Kf1 Be5 31. Ba5 Rb8 32. f4 Bd6 33. Ke1 b4 34. Kd1 b3 35. Kc1 Rc8+ 36. Kb1 Rc5 0-1


[Site "https://www.chess.com"]

[Event "Early Titled Tuesday Blitz | February 8 2022"]
[White "Tuleyeva-Aketayeva, Dana"]
[Black "Ardila, Oscar Humberto"]
[WhiteFideId "13701932"]
[BlackFideId "4404742"]
[WhiteElo "1944"]
[BlackElo "1898"]
[Result "1-0"]
[Round "06"]
[TimeControl "180+1"]
[Date "2022.02.08"]
[WhiteClock "0:00:53"]
[BlackClock "0:01:45"]

1. d4 Nf6 2. Nf3 e6 3. g3 c5 4. c3 Be7 5. Bg2 O-O 6. O-O Qc7 7. Bf4 d6 8. Nbd2 Nbd7 9. e4 cxd4 10. cxd4 Rb8 11. Rc1 Qb6 12. Nc4 Qb4 13. a3 Qb5 14. Nxd6 Qa6 15. Qb3 Bxd6 16. Bxd6 Qxd6 17. e5 Qe7 18. exf6 Nxf6 19. Ne5 Nd7 20. Rc7 Qd6 21. Nxd7 Qxc7 22. Nxf8 Kxf8 23. Qb4+ Qe7 24. Qa5 b6 25. Qe5 Rb7 26. Bxb7 Bxb7 27. Qb8+ Bc8 28. Qxc8+ Qe8 29. Qxe8+ Kxe8 30. Rc1 Kd7 31. Kf1 Kd6 32. Ke2 Kd5 33. Kd3 f6 34. Rc7 g5 35. Rxh7 a5 36. Rf7 b5 37. Rxf6 e5 38. dxe5 Kxe5 39. Rb6 1-0


[Site "https://www.chess.com"]

[Event "Early Titled Tuesday Blitz | February 8 2022"]
[White "Turzo, Attila"]
[Black "Niyazgulova, Marina"]
[WhiteFideId "704954"]
[BlackFideId "24142573"]
[WhiteElo "2481"]
[BlackElo "2075"]
[Result "1-0"]
[Round "06"]
[TimeControl "180+1"]
[Date "2022.02.08"]
[WhiteClock "0:00:16"]
[BlackClock "0:00:06"]

1. d4 d5 2. c4 c6 3. Nc3 Nf6 4. e3 a6 5. Nf3 b5 6. cxd5 cxd5 7. Bd2 e6 8. Be2 Bd6 9. O-O O-O 10. a4 b4 11. Na2 a5 12. Nc1 Ba6 13. Bxa6 Rxa6 14. Qe2 Ne4 15. Nb3 Qb6 16. Rfc1 Nd7 17. Qb5 Qa7 18. Be1 Rb8 19. Qe2 Nb6 20. Nfd2 f5 21. f3 Nxd2 22. Nxd2 Qb7 23. b3 Raa8 24. Qb5 Nd7 25. Qc6 Qxc6 26. Rxc6 Rb6 27. Rac1 Rab8 28. Nf1 Kf7 29. Ng3 Ke7 30. Nh5 g6 31. Nf4 Rxc6 32. Rxc6 Rb6 33. Rc8 Rb8 34. Rc2 Bxf4 35. exf4 Kd6 36. Kf2 Nb6 37. Rc5 Ra8 38. Ke3 Nd7 39. Rb5 Ra7 40. Kd3 Ra8 41. Bh4 Ra7 42. Bd8 Ra8 43. Bxa5 Rc8 44. Bxb4+ Kc6 45. Bc5 Kc7 46. b4 Ra8 47. Ra5 Rxa5 48. bxa5 Nxc5+ 49. dxc5 Kc6 50. a6 Kc7 51. Kd4 Kc8 52. c6 Kc7 53. a7 1-0


[Site "https://www.chess.com"]

[Event "Early Titled Tuesday Blitz | February 8 2022"]
[White "Urazayev, Arystanbek"]
[Black "Sviridov, Valery"]
[WhiteFideId "13709810"]
[BlackFideId "4120680"]
[WhiteElo "2321"]
[BlackElo "2454"]
[Result "1/2-1/2"]
[Round "06"]
[TimeControl "180+1"]
[Date "2022.02.08"]
[WhiteClock "0:00:11"]
[BlackClock "0:00:18"]

1. e4 Nf6 2. e5 Nd5 3. c4 Nb6 4. d4 d6 5. f4 dxe5 6. fxe5 Nc6 7. Be3 Bf5 8. Nc3 e6 9. Nf3 Qd7 10. Be2 O-O-O 11. O-O Bg4 12. d5 exd5 13. cxd5 Nxd5 14. Nxd5 Qxd5 15. Qxd5 Rxd5 16. Bc4 Bxf3 17. Rxf3 Rxe5 18. Bf4 Bc5+ 19. Kh1 Re7 20. h3 Rhe8 21. Kh2 f6 22. Rc1 Ne5 23. Bxe5 Rxe5 24. h4 Bd6 25. Kh3 Re3 26. Rc3 Rxc3 27. Rxc3 c6 28. a4 a5 29. b3 Kc7 30. h5 Re5 31. g4 g6 32. hxg6 hxg6 33. Kg2 f5 34. gxf5 gxf5 35. Rh3 Re7 36. Rh5 f4 37. Rxa5 Rg7+ 38. Kf2 Rg3 39. Rf5 Rc3 40. a5 Kb8 41. Rf6 Bc5+ 42. Ke2 Re3+ 43. Kd1 f3 44. Kd2 f2 45. Rxf2 Rxb3 46. Bxb3 Bxf2 47. Kc3 Be1+ 48. Kc2 Bxa5 49. Bc4 b5 50. Bd3 Kc7 51. Kb3 Kb6 52. Be4 Be1 53. Bg6 Bh4 54. Be8 Bf6 55. Bd7 c5 56. Be6 Kc7 57. Bf7 Kd6 58. Be8 c4+ 59. Kb4 c3 60. Bg6 c2 61. Bxc2 Ke7 62. Kxb5 1/2-1/2


[Site "https://www.chess.com"]

[Event "Early Titled Tuesday Blitz | February 8 2022"]
[White "Vaishali, Rameshbabu"]
[Black "Namitbir Singh Walia"]
[WhiteFideId "5091756"]
[BlackFideId "35071068"]
[WhiteElo "2343"]
[BlackElo "1479"]
[Result "1-0"]
[Round "06"]
[TimeControl "180+1"]
[Date "2022.02.08"]
[WhiteClock "0:00:34"]
[BlackClock "0:00:02"]

1. d4 d5 2. c4 c6 3. cxd5 cxd5 4. Bf4 Nc6 5. Nc3 Nf6 6. e3 e6 7. Be2 Bd6 8. Bg3 O-O 9. Nf3 a6 10. Ne5 Bxe5 11. dxe5 Nd7 12. f4 Qb6 13. Qd2 Nc5 14. O-O Rd8 15. Kh1 Bd7 16. Bh4 Re8 17. Bd1 Na5 18. b3 Rac8 19. Rc1 Qb4 20. Be2 Nc6 21. Qb2 Ne4 22. Nxe4 Qxe4 23. Qd2 Na7 24. Bd3 Qxd3 25. Qxd3 Bb5 26. Rxc8 Rxc8 27. Qd4 Bxf1 28. Qxa7 Bb5 29. h3 1-0


[Site "https://www.chess.com"]

[Event "Early Titled Tuesday Blitz | February 8 2022"]
[White "Van den Dikkenberg, Erik"]
[Black "Berezin, Viktor"]
[WhiteFideId "1005880"]
[BlackFideId "14107872"]
[WhiteElo "2118"]
[BlackElo "2310"]
[Result "1-0"]
[Round "06"]
[TimeControl "180+1"]
[Date "2022.02.08"]
[WhiteClock "0:00:33"]
[BlackClock "0:00:03"]

1. e4 d5 2. exd5 Nf6 3. d4 Bg4 4. Be2 Bxe2 5. Qxe2 Qxd5 6. Nc3 Qxd4 7. Nf3 Qd7 8. Bd2 c6 9. O-O-O Qc7 10. g3 e6 11. Bf4 Qa5 12. h4 Nbd7 13. Kb1 Be7 14. g4 Nd5 15. Nxd5 cxd5 16. h5 Rc8 17. g5 Nc5 18. g6 f6 19. h6 gxh6 20. g7 Rg8 21. Bxh6 Ne4 22. Nd4 Kd7 23. f3 Nc5 24. Rhe1 Qb6 25. Nf5 Na4 26. Rxd5+ Ke8 27. Rb5 Qc6 28. Qxe6 Qxc2+ 29. Ka1 Rc7 30. Qxg8+ Kd7 31. Qd5+ Kc8 32. g8=Q+ 1-0


[Site "https://www.chess.com"]

[Event "Early Titled Tuesday Blitz | February 8 2022"]
[White "Viani Antonio Dcunha"]
[Black "Lehtosaari, Mauri"]
[WhiteFideId "5027330"]
[BlackFideId "501999"]
[WhiteElo "2366"]
[BlackElo "2466"]
[Result "1-0"]
[Round "06"]
[TimeControl "180+1"]
[Date "2022.02.08"]
[WhiteClock "0:02:14"]
[BlackClock "0:01:28"]

1. e4 c5 2. Nf3 e6 3. d4 cxd4 4. Nxd4 Qb6 5. Nb3 Qc7 6. Nc3 a6 7. Bd3 b5 8. O-O Nf6 9. Qe2 d6 10. a4 b4 11. Na2 Nc6 12. Bd2 a5 13. c3 Rb8 14. Bb5 Bd7 15. cxb4 axb4 16. Rfc1 Qb7 17. Bxc6 Bxc6 18. Na5 1-0


[Site "https://www.chess.com"]

[Event "Early Titled Tuesday Blitz | February 8 2022"]
[White "Vifleemskaia, Svetlana"]
[Black "Lauridsen, Jesper Morch"]
[WhiteFideId "4129490"]
[BlackFideId "1401890"]
[WhiteElo "1901"]
[BlackElo "2227"]
[Result "1-0"]
[Round "06"]
[TimeControl "180+1"]
[Date "2022.02.08"]
[WhiteClock "0:00:09"]
[BlackClock "0:00:09"]

1. d4 Nf6 2. c4 e6 3. Nc3 Bb4 4. e3 c5 5. d5 exd5 6. cxd5 d6 7. Ne2 O-O 8. a3 Ba5 9. g3 Ne4 10. Bg2 Nxc3 11. Nxc3 Bxc3+ 12. bxc3 b6 13. c4 Qf6 14. Bd2 Bg4 15. f3 Bd7 16. O-O Na6 17. Qc2 Nc7 18. Bc3 Qg6 19. Qxg6 hxg6 20. e4 f6 21. a4 a6 22. Rfb1 Rab8 23. Bf1 Kf7 24. Kf2 Rfe8 25. h4 f5 26. Bd3 fxe4 27. fxe4 Bg4 28. Ke3 Kg8 29. Rf1 Re7 30. Rf4 Bd7 31. Kf3 b5 32. Ba5 bxc4 33. Bxc7 Rb3 34. Bxd6 Rxd3+ 35. Ke2 Rf7 36. Rxf7 Kxf7 37. Rf1+ Kg8 38. Rf8+ Kh7 39. Bxc5 Bxa4 40. Be3 Bb5 41. Rb8 c3 42. Rxb5 Rxe3+ 43. Kxe3 axb5 44. d6 b4 45. Kd3 b3 46. Kxc3 b2 47. Kxb2 1-0


[Site "https://www.chess.com"]

[Event "Early Titled Tuesday Blitz | February 8 2022"]
[White "Vokhidov, Shamsiddin"]
[Black "Pantzar, Milton"]
[WhiteFideId "14204223"]
[BlackFideId "1721003"]
[WhiteElo "2828"]
[BlackElo "2601"]
[Result "1-0"]
[Round "06"]
[TimeControl "180+1"]
[Date "2022.02.08"]
[WhiteClock "0:01:19"]
[BlackClock "0:00:02"]

1. e4 c6 2. d4 d5 3. e5 Bf5 4. h4 h5 5. Bd3 Bxd3 6. Qxd3 e6 7. Nd2 Qb6 8. Ngf3 Qa6 9. c4 Nd7 10. O-O Nh6 11. b3 Be7 12. a4 Nf5 13. Ba3 Bxa3 14. Rxa3 O-O 15. Rb1 Rfd8 16. b4 dxc4 17. Nxc4 Nb6 18. b5 cxb5 19. axb5 Qxa3 20. Nxa3 Nd5 21. Rc1 a6 22. g3 axb5 23. Nxb5 Nb4 24. Qb3 Nc6 25. d5 Rxd5 26. Nc7 Ncd4 27. Nxd4 Nxd4 28. Qd1 Rc8 29. Kg2 Rdd8 30. Qf1 Nb3 31. Rc3 Nd4 32. Nb5 Rxc3 33. Nxc3 Nf5 34. Ne4 Rd5 35. Qa1 Kh7 36. Ng5+ Kg6 37. Nh3 Rd2 38. Nf4+ Kh6 39. Qc1 Ne3+ 40. Kf3 Ng4 41. Qxd2 Nxe5+ 42. Kg2 Kh7 43. Nxh5 1-0


[Site "https://www.chess.com"]

[Event "Early Titled Tuesday Blitz | February 8 2022"]
[White "Volkov, Maksim"]
[Black "Molina, Roberto Junio Brito"]
[WhiteFideId "54123070"]
[BlackFideId "2109450"]
[WhiteElo "2596"]
[BlackElo "2815"]
[Result "0-1"]
[Round "06"]
[TimeControl "180+1"]
[Date "2022.02.08"]
[WhiteClock "0:00:07"]
[BlackClock "0:00:09"]

1. d4 c6 2. c4 d5 3. Nf3 Nf6 4. g3 dxc4 5. a4 b5 6. Bg2 Bb7 7. Ne5 a6 8. Nc3 Qb6 9. O-O e6 10. b3 cxb3 11. Qxb3 Qxd4 12. axb5 Qxe5 13. Bf4 Qc5 14. bxa6 Bxa6 15. Bxb8 Nd5 16. Rfc1 Qb4 17. Qxb4 Bxb4 18. Nxd5 cxd5 19. Rxa6 Rxb8 20. Ra7 O-O 21. Rcc7 Bd6 22. Rd7 Bc5 23. Rab7 Rxb7 24. Rxb7 Ra8 25. Bf3 g6 26. Kg2 Ra4 27. h4 h5 28. Rc7 Bd6 29. Rd7 Be5 30. e3 Ra2 31. Rb7 Bc3 32. Kf1 Kg7 33. Rd7 Kf6 34. Be2 Rb2 35. Bf3 Rb1+ 36. Kg2 Be1 37. Be2 Rb2 38. Kf1 Bc3 39. Bf3 Rd2 40. Be2 Ra2 41. Bf3 Ra4 42. Be2 Rb4 43. Bf3 Be5 44. Kg2 Rb2 45. Kf1 Rb3 46. Kg2 Ra3 47. Be2 Rc3 48. Kf1 Rc1+ 49. Kg2 Rc2 50. Bf3 Ra2 51. Kf1 Ra3 52. Kg2 Bb2 53. Be2 Bc1 54. Bf3 Ra2 55. Kf1 Ra1 56. Kg2 Ra3 57. Be2 Bb2 58. Bf3 Rd3 59. Be2 Rd2 60. Bf3 d4 61. e4 d3 62. Kf1 Bc3 63. Bg2 Bb4 64. Bf3 Bc5 65. Ke1 Rxf2 66. Rxd3 Rb2 67. Be2 Ke5 68. Kf1 Kxe4 69. Rf3 f5 70. Rf4+ Ke5 71. Rc4 Bd4 72. Rc6 Rb1+ 73. Kg2 Rb8 74. Bc4 Re8 75. Ra6 Bc5 76. Kf3 Kf6 77. Rb6 Bd4 78. Rc6 Be5 79. Ra6 Bc7 80. Bb3 Re7 81. Bc4 Bd8 82. Bb3 Bc7 83. Bc4 Be5 84. Bb3 Bd4 85. Bc4 Ke5 86. Rc6 Ba7 87. Bb3 Bb8 88. Bc4 Bd6 89. Ra6 Rc7 90. Bb3 Rc3+ 0-1


[Site "https://www.chess.com"]

[Event "Early Titled Tuesday Blitz | February 8 2022"]
[White "Vovk, Orest"]
[Black "Xie, Bryan"]
[WhiteFideId "14113490"]
[BlackFideId "30941296"]
[WhiteElo "2203"]
[BlackElo "1899"]
[Result "0-1"]
[Round "06"]
[TimeControl "180+1"]
[Date "2022.02.08"]
[WhiteClock "0:00:09"]
[BlackClock "0:00:14"]

1. h4 h5 2. Nf3 Nf6 3. d4 d5 4. Ng5 Bf5 5. Nc3 c6 6. Bf4 e6 7. e3 Bd6 8. Bxd6 Qxd6 9. Bd3 Bxd3 10. Qxd3 Na6 11. a3 Ng4 12. e4 f6 13. e5 Nxe5 14. dxe5 Qxe5+ 15. Kf1 fxg5 16. Qg6+ Ke7 17. hxg5 Raf8 18. Re1 Qf5 19. Qxg7+ Rf7 20. Qd4 Rhf8 21. Re2 Qxg5 22. Qh4 Qxh4 23. Rxh4 Rf5 24. f3 Kd6 25. Kf2 e5 26. Rd2 Ke6 27. Ne2 Nc5 28. Ng3 Rg5 29. b4 Rfg8 30. Rh3 Nd7 31. Re2 h4 32. Nf1 Rxg2+ 33. Ke1 Rxe2+ 34. Kxe2 Rg2+ 35. Kd3 Rf2 36. Nd2 c5 37. Rxh4 c4+ 38. Ke3 Rg2 39. c3 Nf6 40. Rh6 Kf5 41. Nf1 Ra2 42. Ng3+ Kg5 43. Rh7 Nxh7 44. Ne2 Rxa3 45. f4+ exf4+ 46. Kf3 d4 47. Nxd4 Rxc3+ 48. Ke4 Re3+ 49. Kd5 Nf6+ 50. Kxc4 Re4 51. Kd3 f3 52. Nxf3+ Kf4 53. Nd2 Rxb4 54. Kc3 Re4 55. Nb1 Nd5+ 56. Kb3 Rb4+ 57. Ka2 Rxb1 58. Kxb1 Ke4 59. Ka2 Kd4 60. Ka3 Kc4 61. Ka4 b5+ 62. Ka5 b4 63. Ka4 b3 64. Ka3 Kc3 65. Ka4 b2 66. Kb5 b1=Q+ 67. Kc6 Qb6+ 68. Kd7 Qc7+ 69. Ke6 Nf4+ 70. Kf5 Kd4 71. Kg4 Ke4 72. Kg5 Qg7+ 73. Kh4 Qh6+ 74. Kg4 Qh5+ 75. Kg3 Qf3+ 76. Kh4 Ng2+ 77. Kg5 Qf4+ 78. Kh5 Qh4+ 79. Kg6 Ke5 80. Kf7 Qf6+ 81. Kg8 Qg6+ 82. Kh8 Qg5 83. Kh7 Kf6 84. Kh8 Qg7# 0-1


[Site "https://www.chess.com"]

[Event "Early Titled Tuesday Blitz | February 8 2022"]
[White "Vusatiuk, Vladimir"]
[Black "Martinez Lopez, David"]
[WhiteFideId "14118610"]
[BlackFideId "22235779"]
[WhiteElo "2157"]
[BlackElo "2396"]
[Result "1-0"]
[Round "06"]
[TimeControl "180+1"]
[Date "2022.02.08"]
[WhiteClock "0:00:14"]
[BlackClock "0:00:07"]

1. d4 Nf6 2. c4 g6 3. Nc3 Bg7 4. e4 d6 5. h3 O-O 6. Be3 e5 7. d5 a5 8. Qd2 Na6 9. g4 Nc5 10. f3 c6 11. Nge2 cxd5 12. cxd5 Bd7 13. h4 b5 14. Ng3 b4 15. Nd1 Qb6 16. h5 Bb5 17. Bh6 Ra7 18. Bxg7 Kxg7 19. Qg5 Ne8 20. Nf5+ Kg8 21. Ne7+ Rxe7 22. Qxe7 Bxf1 23. Kxf1 Qb5+ 24. Kg2 Qe2+ 25. Nf2 Nd3 26. Raf1 Ng7 27. Kg3 f5 28. Nxd3 f4+ 29. Nxf4 exf4+ 30. Kh3 gxh5 31. Qg5 hxg4+ 32. Qxg4 Rf6 33. Qh4 Rg6 34. Rf2 Qe3 35. Qd8+ Kf7 36. Rhf1 Rg3+ 37. Kh2 Nh5 38. Qd7+ Kg6 39. Qf5+ Kh6 40. Qe6+ Rg6 41. Qh3 Qd4 42. Rg2 Qg7 43. Rxg6+ Qxg6 44. Rg1 Qf6 45. Qe6 Qxe6 46. dxe6 Nf6 47. e7 Ne8 48. Rg8 Nf6 49. Rf8 Kg7 50. Rxf6 Kxf6 51. e8=Q Kg7 52. Qb5 d5 53. Qxd5 Kh6 54. e5 Kh5 55. e6+ Kh4 56. e7 h5 57. e8=Q b3 58. Qexh5# 1-0


[Site "https://www.chess.com"]

[Event "Early Titled Tuesday Blitz | February 8 2022"]
[White "Wagner, Dennis"]
[Black "Weishaeutel, Moritz"]
[WhiteFideId "24650684"]
[BlackFideId "12967300"]
[WhiteElo "2355"]
[BlackElo "2002"]
[Result "1-0"]
[Round "06"]
[TimeControl "180+1"]
[Date "2022.02.08"]
[WhiteClock "0:00:10"]
[BlackClock "0:00:01"]

1. d4 d5 2. c4 e6 3. Nf3 Nf6 4. Bg5 Be7 5. e3 O-O 6. Qc2 Nbd7 7. Nc3 dxc4 8. Bxc4 a6 9. a4 b6 10. O-O Bb7 11. e4 h6 12. Bf4 c5 13. d5 exd5 14. exd5 Nh5 15. Be3 Bd6 16. Qf5 Ndf6 17. Ne4 Nxe4 18. Qxh5 Nf6 19. Qf5 Bxd5 20. Bxd5 Nxd5 21. Rad1 Nxe3 22. fxe3 Qc7 23. e4 Rae8 24. Rd5 Re6 25. e5 Be7 26. Rfd1 Qc6 27. Rd7 Qxa4 28. h4 Qc6 29. R1d5 c4 30. h5 Bc5+ 31. Kh2 Qc8 32. Nh4 Re7 33. Qg4 Rxd7 34. Rxd7 Rd8 35. Nf5 1-0


[Site "https://www.chess.com"]

[Event "Early Titled Tuesday Blitz | February 8 2022"]
[White "Wahedi, Ahmad Siar"]
[Black "Sharapov, Evgeny"]
[WhiteFideId "4651260"]
[BlackFideId "14103133"]
[WhiteElo "2369"]
[BlackElo "2367"]
[Result "1-0"]
[Round "06"]
[TimeControl "180+1"]
[Date "2022.02.08"]
[WhiteClock "0:00:25"]
[BlackClock "0:00:33"]

1. c4 c5 2. Nc3 Nc6 3. g3 e5 4. Bg2 g6 5. d3 Bg7 6. e4 Nge7 7. Nge2 O-O 8. O-O Rb8 9. Be3 Nd4 10. Rb1 a5 11. Nb5 Nxb5 12. cxb5 b6 13. Nc3 Bb7 14. Bg5 f6 15. Bd2 Kh8 16. f4 d6 17. f5 gxf5 18. exf5 Bxg2 19. Kxg2 d5 20. Qh5 Qe8 21. Qh4 Qf7 22. Rbe1 Rg8 23. g4 Bf8 24. Kh1 Rg7 25. Bh6 Rg8 26. Bd2 Rg7 27. Bh6 Rxg4 28. Qxg4 Bxh6 29. Qf3 Bg5 30. Rg1 Rg8 31. Rg2 Qe8 32. Nxd5 Nxd5 33. Qxd5 Qd8 34. Qc4 Rf8 35. h4 Bf4 36. Reg1 Be3 37. Re1 Bd4 38. Re4 h5 39. Rg6 Kh7 40. Qc1 1-0


[Site "https://www.chess.com"]

[Event "Early Titled Tuesday Blitz | February 8 2022"]
[White "Weetik, Vjacheslav"]
[Black "Khamzin, Olzhas"]
[WhiteFideId "4153472"]
[BlackFideId "13701690"]
[WhiteElo "2469"]
[BlackElo "2194"]
[Result "1-0"]
[Round "06"]
[TimeControl "180+1"]
[Date "2022.02.08"]
[WhiteClock "0:00:07"]
[BlackClock "0:00:26"]

1. d4 Nf6 2. c4 c5 3. d5 e6 4. Nc3 exd5 5. cxd5 Bd6 6. Nf3 O-O 7. Bg5 Bc7 8. d6 Ba5 9. Qc2 Re8 10. e3 Nc6 11. Bc4 Nd4 12. Qd3 b5 13. Bd5 Nxf3+ 14. Bxf3 Rb8 15. O-O Bxc3 16. bxc3 Bb7 17. Bxb7 Rxb7 18. f3 Re6 19. Rad1 Rb6 20. Qf5 Qc8 21. Bf4 Ne8 22. Rd5 Rc6 23. Rfd1 a6 24. h4 a5 25. a3 b4 26. c4 b3 27. a4 b2 28. Kh2 Qb8 29. Qc2 Rb6 30. Rb1 h6 31. Rxc5 g5 32. hxg5 Nxd6 33. gxh6 Rxh6+ 34. Bxh6 Nf5+ 35. Bf4 Nxe3 36. Bxb8 Nxc2 37. Bc7 Rb7 38. Be5 Ne3 39. Rxb2 Rxb2 40. Bxb2 f6 41. Rxa5 Kf7 42. Ra8 Nxc4 43. Bc3 Nb6 44. Ra7 Nd5 45. Bd2 Ke6 46. a5 d6 47. a6 Nb6 48. Rb7 Na8 49. a7 f5 50. Ba5 d5 51. Rb8 d4 52. Rxa8 d3 53. Rd8 Ke7 54. Rxd3 1-0


[Site "https://www.chess.com"]

[Event "Early Titled Tuesday Blitz | February 8 2022"]
[White "Winkels, Marcel"]
[Black "Silva, Kevin Ranidu"]
[WhiteFideId "1003887"]
[BlackFideId "9935258"]
[WhiteElo "1900"]
[BlackElo "1626"]
[Result "0-1"]
[Round "06"]
[TimeControl "180+1"]
[Date "2022.02.08"]
[WhiteClock "0:00:08"]
[BlackClock "0:00:12"]

1. e4 g6 2. d4 Bg7 3. Nc3 d6 4. f4 a6 5. Nf3 b5 6. Bd3 Bb7 7. a3 Nd7 8. O-O Ngf6 9. e5 Nd5 10. e6 fxe6 11. Ng5 Nxc3 12. bxc3 Bd5 13. Qe2 Nf8 14. c4 bxc4 15. Bxc4 Qd7 16. c3 h6 17. Nf3 Nh7 18. Bd3 Nf8 19. Nh4 g5 20. Ng6 Rg8 21. f5 Bf6 22. Kh1 Kf7 23. c4 Bb7 24. Bb2 exf5 25. Bxf5 e6 26. Nxf8 Raxf8 27. Bg4 Kg7 28. d5 Qe7 29. Rxf6 Rxf6 30. Rf1 e5 31. Rb1 Bc8 32. Bf3 Rgf8 33. h3 Bxh3 34. Bc3 g4 35. Be4 Rf2 36. Qd3 Qf6 37. gxh3 Qf4 38. Bxe5+ dxe5 0-1


[Site "https://www.chess.com"]

[Event "Early Titled Tuesday Blitz | February 8 2022"]
[White "Yanayt, Eugene"]
[Black "De Souza, Cristiano Gomes"]
[WhiteFideId "2020165"]
[BlackFideId "2151758"]
[WhiteElo "2046"]
[BlackElo "2068"]
[Result "1-0"]
[Round "06"]
[TimeControl "180+1"]
[Date "2022.02.08"]
[WhiteClock "0:00:13"]
[BlackClock "0:00:15"]

1. d4 Nf6 2. c4 g6 3. Nc3 d6 4. e4 Bg7 5. Be2 O-O 6. Nf3 Nbd7 7. O-O e5 8. Qc2 exd4 9. Nxd4 Nc5 10. Rd1 Re8 11. f3 a5 12. Bg5 h6 13. Bh4 g5 14. Bf2 c6 15. Nf5 Bxf5 16. Bxc5 Bg6 17. Bxd6 Qc8 18. Na4 Nd7 19. Bg3 Be5 20. Bxe5 Rxe5 21. Rd6 Qc7 22. Rad1 Nc5 23. Qc3 Rae8 24. Nxc5 Rxc5 25. Qf6 Qb6 26. Kh1 Rce5 27. b3 Qf2 28. Bf1 g4 29. Qf4 gxf3 30. Qxf3 Qh4 31. Bd3 Bh5 32. g4 Qxg4 33. Qxg4+ Bxg4 34. Rg1 Rg5 35. Kg2 Be2+ 36. Kf2 Rxg1 37. Kxg1 Bxd3 38. Rxd3 Rxe4 39. Kf2 Kf8 40. Rd7 Re7 41. Rd8+ Kg7 42. Ra8 Re6 43. Rxa5 Rf6+ 44. Kg2 Kg6 45. Ra7 Rd6 46. Rxb7 Rd2+ 47. Kg3 Rxa2 48. Rb6 Rb2 49. Rxc6+ f6 50. Rb6 Rc2 51. Rb4 Rc3+ 52. Kg4 h5+ 53. Kf4 Rh3 54. Rb6 Rxh2 55. c5 Rf2+ 56. Ke3 Rc2 57. c6 Rc5 58. b4 Rc4 59. b5 Kf5 60. Rb8 Rc5 61. Rb7 Re5+ 62. Kf3 h4 63. c7 h3 64. c8=Q+ Kg5 65. Qxh3 Rf5+ 66. Kg3 1-0


[Site "https://www.chess.com"]

[Event "Early Titled Tuesday Blitz | February 8 2022"]
[White "Yang, Kaiqi"]
[Black "Redzisz, Michal"]
[WhiteFideId "8604398"]
[BlackFideId "21816107"]
[WhiteElo "2373"]
[BlackElo "1961"]
[Result "1-0"]
[Round "06"]
[TimeControl "180+1"]
[Date "2022.02.08"]
[WhiteClock "0:00:07"]
[BlackClock "0:00:05"]

1. c4 e5 2. g3 Nc6 3. Bg2 f5 4. Nc3 Nf6 5. d3 g6 6. Bg5 Bg7 7. Nd5 O-O 8. e3 d6 9. Ne2 Ne7 10. Nec3 c6 11. Nxf6+ Bxf6 12. Bxf6 Rxf6 13. O-O Be6 14. f4 e4 15. dxe4 Bxc4 16. Rf2 Qb6 17. Qd2 Rd8 18. Re1 d5 19. Na4 Qc7 20. Qc3 Rff8 21. b3 Bb5 22. Nc5 Kf7 23. a4 Ba6 24. exf5 Nxf5 25. e4 d4 26. Qb4 Ne3 27. Rd2 Qb6 28. Qxb6 axb6 29. Nxa6 bxa6 30. e5 c5 31. Bb7 a5 32. Ba6 Ke6 33. Bc4+ Nxc4 34. bxc4 Kf5 35. Kf2 Rfe8 36. Kf3 g5 37. g4+ Kg6 38. f5+ Kf7 39. Ke4 Re7 40. e6+ Kf6 41. Rb1 Rb7 42. Rdb2 Rd6 43. Rb3 h6 44. Rb5 Ke7 45. Rxc5 d3 46. Rd5 Rxd5 47. cxd5 d2 48. Rd1 Rc7 49. Rxd2 Rc4+ 50. Rd4 Rc2 51. d6+ Ke8 52. d7+ Kd8 53. e7+ Kxe7 54. d8=Q+ 1-0


[Site "https://www.chess.com"]

[Event "Early Titled Tuesday Blitz | February 8 2022"]
[White "Yeletsky, Ivan"]
[Black "Shuvalov, Evgenij"]
[WhiteFideId "24180327"]
[BlackFideId "4187237"]
[WhiteElo "2348"]
[BlackElo "2119"]
[Result "1-0"]
[Round "06"]
[TimeControl "180+1"]
[Date "2022.02.08"]
[WhiteClock "0:00:43"]
[BlackClock "0:00:06"]

1. e4 e6 2. b3 d5 3. Bb2 Nf6 4. e5 Ng8 5. Qg4 Nh6 6. Qh3 c5 7. f4 Nc6 8. Nf3 Bd7 9. Bb5 Nxe5 10. Bxd7+ Nxd7 11. Nc3 Qa5 12. f5 Nxf5 13. Nxd5 Nd4 14. Ne3 O-O-O 15. Nc4 Qc7 16. Nxd4 cxd4 17. Bxd4 b5 18. Ne3 Nf6 19. Bb2 Ne4 20. Qf3 f5 21. O-O-O Bd6 22. Nxf5 exf5 23. Qxf5+ Kb8 24. Qxe4 Rhe8 25. Qxh7 Be5 26. Rhe1 Bxb2+ 27. Kxb2 Rxe1 28. Rxe1 Rxd2 29. Re8+ Kb7 30. Qe4+ Ka6 31. Re6+ Rd6 32. Qe5 Rxe6 33. Qxc7 Rb6 34. Qxg7 1-0


[Site "https://www.chess.com"]

[Event "Early Titled Tuesday Blitz | February 8 2022"]
[White "Yirik, Volkan"]
[Black "Haddouche, Mohamed"]
[WhiteFideId "6300782"]
[BlackFideId "7900660"]
[WhiteElo "2375"]
[BlackElo "2443"]
[Result "0-1"]
[Round "06"]
[TimeControl "180+1"]
[Date "2022.02.08"]
[WhiteClock "0:01:19"]
[BlackClock "0:00:41"]

1. e4 e5 2. Nf3 Nc6 3. Nc3 Nf6 4. d4 exd4 5. Nxd4 Bb4 6. Nxc6 bxc6 7. Bd3 O-O 8. O-O d5 9. exd5 cxd5 10. Bg5 c6 11. Qf3 Bd6 12. h3 h6 13. Bf4 Rb8 14. b3 Rb4 15. Bxd6 Qxd6 16. Rfe1 Be6 17. Ne2 Re8 18. c3 Rbb8 19. Nd4 Bd7 20. Bf5 Rxe1+ 21. Rxe1 c5 22. Nc2 a5 23. Bxd7 Qxd7 24. Rd1 Qe6 25. Ne3 Rd8 26. Nf5 Ne4 27. g4 Ng5 28. Qg3 Qe4 29. h4 Nf3+ 30. Kf1 d4 31. cxd4 cxd4 32. Qg2 Re8 33. Qg3 Qe2+ 34. Kg2 Qxd1 35. Qxf3 Qxf3+ 36. Kxf3 d3 37. Ne3 g6 0-1


[Site "https://www.chess.com"]